 Dungeon Crawl Stone Soup version 0.30-b1-2-g02819fbbbe (webtiles) character file.

Game seed: 4516855295293823216

4652 magipi the Destroyer (level 10, -2/50 HPs)
             Began as a Gargoyle Conjurer on June 11, 2023.
             Was a Follower of Vehumet.
             Shot with an arrow by a centaur (11 damage)
             ... on level 10 of the Dungeon.
             The game lasted 00:32:06 (10176 turns).

magipi the Destroyer (Gargoyle Conjurer)           Turns: 10176, Time: 00:32:07

Health: -2/50      AC: 13    Str: 11    XL:     10   Next: 43%
Magic:  8/20       EV: 11    Int: 23    God:    Vehumet [*.....]
Gold:   499        SH:  0    Dex:  8    Spells: 12/22 levels left

rFire   + . .        a - +1 dagger
rCold   . . .        (no shield)
rNeg    + . .        d - +0 robe
rPois   ∞            E - +0 helmet
rElec   +            c - +0 cloak
rCorr   .            (no gloves)
SInv    .            h - +1 pair of boots
Will    .....        (no amulet)
Stlth   ++           f - ring of protection from fire
HPRegen 0.28/turn    (no ring)
MPRegen 0.17/turn

%: no passive effects
@: no status effects
A: sickness immunity, AC +7, negative energy resistance 1, electricity
resistance, torment resistance 1, petrification resistance
a: Renounce Religion


You were on level 10 of the Dungeon.
You worshipped Vehumet.
Vehumet was aware of your devotion.
You visited 2 branches of the dungeon, and saw 11 of its levels.

You collected 581 gold pieces.
You spent 82 gold pieces at shops.

Inventory:

Hand Weapons
 a - a +1 dagger (weapon)
   (You took it off a kobold on level 1 of the Dungeon)
 k - the +1 mace of Upheaval {pain, *Noise Dex+4}
   (You found it on level 2 of the Dungeon)

   Dex:       It affects your dexterity (+4).
   *Noise:    It may make noises in combat.
 F - a +2 scimitar of flaming
   (You took it off Erica on level 9 of the Dungeon)
Missiles
 m - 7 boomerangs (quivered)
Armour
 c - a +0 cloak (worn)
   (You found it on level 1 of the Dungeon)
 d - a +0 robe (worn)
 h - a +1 pair of boots (worn)
   (You found it on level 1 of the Dungeon)
 i - an orb of energy
   (You found it on level 5 of the Dungeon)
 l - a scarf of invisibility
   (You found it on level 5 of the Dungeon)
 E - a +0 helmet (worn)
   (You found it on level 9 of the Dungeon)
Jewellery
 f - a ring of protection from fire (left hand)
   (You found it on level 3 of the Dungeon)
Wands
 x - a wand of iceblast (8)
   (You found it on level 7 of the Dungeon)
 B - a wand of charming (6)
   (You found it on level 8 of the Dungeon)
Scrolls
 g - 2 scrolls of poison
 j - a scroll of teleportation
 q - 4 scrolls of blinking
 u - a scroll of enchant weapon
 y - a scroll of enchant armour
 C - a scroll of amnesia
 G - a scroll of vulnerability
Potions
 b - 2 potions of magic
 e - 5 potions of curing
 n - 2 potions of mutation
 o - 4 potions of lignification
 r - a potion of brilliance
 s - 4 potions of heal wounds
 t - a potion of ambrosia
 v - 2 potions of flight
 z - a potion of haste
 A - a potion of resistance
 D - a potion of might {unknown}


   Skills:
 - Level 1.5 Dodging
 - Level 2.1 Stealth
 + Level 6.7 Spellcasting
 * Level 11.8 Conjurations
 + Level 5.8 Hexes
 + Level 5.0 Translocations


You had 12 spell levels left.
You knew the following spells:

 Your Spells              Type           Power      Damage    Failure   Level
r - Searing Ray           Conj           100%       2d8       1%          2
M - Iskenderun's Mystic   Conj/Tloc      46%        2d10      2%          4
P - Fulminant Prism       Conj/Hex       24%        3d12      1%          4

Your spell library contained the following spells:

 Spells                   Type           Power      Damage    Failure   Level
 Kiss of Death            Conj/Necr      100%       2d13      1%          1
 Magic Dart               Conj           100%       1d8       1%          1
 Blink                    Tloc           60%        N/A       1%          2
 Lesser Beckoning         Tloc           60%        N/A       1%          2
 Momentum Strike          Conj/Tloc      92%        3d10      1%          2
 Dazzling Flash           Conj/Hex       96%        N/A       1%          3
 Summon Guardian Golem    Hex/Summ       21%        N/A       7%          3
 Summon Small Mammal      Summ           28%        N/A       8%          1
 Volatile Blastmotes      Fire/Tloc      38%        2d13      9%          3
 Call Canine Familiar     Summ           7%         N/A       24%         3
 Summon Mana Viper        Hex/Summ       21%        N/A       54%         5
 Summon Ice Beast         Ice/Summ       7%         N/A       61%         4
 Starburst                Conj/Fire      17%        6d6       71%         6
 Monstrous Menagerie      Summ           3%         N/A       100%        7


Dungeon Overview and Level Annotations

Branches:
Dungeon (10/15)            Temple (1/1) D:6
   Lair: D:8-11         Orc: D:9-12

Altars:
Ashenzari
Cheibriados
Dithmenos
Elyvilon
Fedhas
Gozag
Hepliaklqana
Kikubaaqudgha
Makhleb
Nemelex Xobeh
Okawaru
Qazlal
Ru
Sif Muna
Trog
Uskayaw
Vehumet
Wu Jian
Xom
Yredelemnul
Zin
The Shining One

Shops:
D:2 !   D:5 :   D:6 *


Innate Abilities, Weirdness & Mutations

You are immune to sickness and miasma.
Your stone body is resilient. (AC +7)
You are immune to poison.
You resist negative energy. (rN+)
You are resistant to electric shocks. (rElec)
You are resistant to unholy torment.
You are immune to petrification.


Message History

The two-headed ogre is lightly wounded.
The two-headed ogre is knocked back by the mystic blast.
The two-headed ogre slams into the rock wall!
The two-headed ogre is moderately wounded.
Unknown command.
Unknown command.
The two-headed ogre attacks as you move away!
The two-headed ogre hits you with a +0 giant spiked club!!
* * * LOW HITPOINT WARNING * * *
The two-headed ogre misses you.
You see here a +0 leather armour.
Unknown command.
Unknown command.
Casting: Iskenderun's Mystic Blast (dangerous; 2% risk of failure)
Confirm with . or Enter, or press ? or * to list all spells.
You erupt in a blast of force!
The mystic blast hits the two-headed ogre!
The two-headed ogre is moderately wounded.
The two-headed ogre is knocked back by the mystic blast.
The two-headed ogre slams into the rock wall!
The two-headed ogre is heavily wounded.
The centaur wields a +0 shortbow.
The centaur shoots an arrow.
The arrow barely misses you.
Unknown command.
Unknown command.
Casting: Iskenderun's Mystic Blast (dangerous; 2% risk of failure)
Confirm with . or Enter, or press ? or * to list all spells.
You erupt in a blast of force!
The mystic blast hits the two-headed ogre!
The two-headed ogre is heavily wounded.
The centaur shoots an arrow.
The arrow hits you.
* * * LOW HITPOINT WARNING * * *
Unknown command.
Aiming: Iceblast
Press: ? - help, Shift-Dir - straight line The mass of ice explodes!
The iceblast engulfs the two-headed ogre!
The two-headed ogre is severely wounded.
The centaur shoots an arrow.
The arrow hits you!
You die...

### #.########
#....!...#
######.######.#
#..?....# #.#
#######.####..# #.#
#.......#.<#..# #.#
#.......##.#..#####.#
#..........#...@....#
#.......####.cO#########
..........>.............
##########.#.##########.
####..#...##
...........#
######..##.#.#
.........)c..#
........######


You could see a two-headed ogre and a centaur.

Vanquished Creatures
  Erica (D:9)
  A gargoyle (D:10)
  A hornet (D:9)
  A wyvern (D:9)
  2 wraiths (D:9)
  A steam dragon (D:9)
  An acid dragon (D:9)
  A water moccasin (D:7)
  2 ice beasts (D:7)
  6 orc warriors
  An ogre (D:5)
  3 centaurs
  4 bullfrogs
  6 scorpions
  3 killer bees (D:9)
  5 howler monkeys
  5 hounds
  8 orc priests
  A jelly (D:5)
  2 iguanas
  A sleepcap (D:3)
  4 orc wizards
  6 adders
  3 white imps
  4 worms
  27 orcs
  4 bats
  6 endoplasms
  3 giant cockroaches
  5 goblins
  5 hobgoblins
  2 jackals (D:5)
  A quokka (D:3)
  5 ball pythons
  6 frilled lizards
  2 kobolds
  5 rats
144 creatures vanquished.

Notes
Turn   | Place    | Note
-------+----------+-------------------------------------------
     0 | D:1      | magipi the Gargoyle Conjurer began the quest for the Orb.
     0 | D:1      | Reached XP level 1. HP: 10/10 MP: 3/3
   238 | D:1      | Reached XP level 2. HP: 15/15 MP: 0/5
   335 | D:1      | Learned a level 2 spell: Searing Ray
   479 | D:1      | Found a faded altar of an unknown god.
   640 | D:1      | Reached skill level 5 in Conjurations
   921 | D:2      | Identified the +1 mace of Upheaval {pain, *Noise Dex+4}
  1046 | D:2      | Reached XP level 3. HP: 19/19 MP: 3/6
  1463 | D:2      | Found Duris's Distillery.
  1468 | D:2      | Bought a potion of curing for 42 gold pieces
  1521 | D:2      | Reached XP level 4. HP: 24/24 MP: 6/8
  1580 | D:2      | Found an iron altar of Okawaru.
  2307 | D:3      | Learned a level 4 spell: Fulminant Prism
  2335 | D:3      | Found a shimmering blue altar of Sif Muna.
  2347 | D:3      | Reached skill level 6 in Conjurations
  2347 | D:3      | Reached XP level 5. HP: 22/28 MP: 3/9
  2993 | D:4      | Found a sacrificial altar of Ru.
  3143 | D:4      | Reached skill level 1 in Hexes
  3582 | D:4      | Reached XP level 6. HP: 32/32 MP: 5/11
  4455 | D:5      | Entered Level 5 of the Dungeon
  4459 | D:5      | Reached skill level 7 in Conjurations
  4523 | D:5      | Reached XP level 7. HP: 33/36 MP: 2/12
  4759 | D:5      | Found a sparkling altar of Nemelex Xobeh.
  5174 | D:5      | Learned a level 4 spell: Iskenderun's Mystic Blast
  5229 | D:5      | Reached skill level 8 in Conjurations
  5362 | D:5      | Found Jejeag's Tremendous Tomes.
  5645 | D:6      | Found Ajet's Assorted Antiques.
  5652 | D:6      | Bought a scroll of identify for 40 gold pieces
  5872 | D:6      | Reached skill level 1 in Translocations
  5872 | D:6      | Reached XP level 8. HP: 38/41 MP: 9/14
  6026 | D:6      | Found a staircase to the Ecumenical Temple.
  6032 | Temple   | Entered the Ecumenical Temple
  6037 | Temple   | Became a worshipper of Vehumet
  6830 | D:7      | Reached skill level 9 in Conjurations
  6858 | D:7      | Reached skill level 5 in Spellcasting
  7214 | D:7      | Reached XP level 9. HP: 36/45 MP: 10/16
  7909 | D:8      | Reached skill level 10 in Conjurations
  8152 | D:8      | Found a transporter.
  8158 | D:8      | Found a transporter.
  8417 | D:8      | Found a bloodstained altar of Trog.
  8765 | D:9      | Noticed a hornet
  8928 | D:9      | Noticed Erica
  8954 | D:9      | Killed Erica
  8955 | D:9      | Reached skill level 5 in Hexes
  9032 | D:9      | Reached * piety under Vehumet
  9032 | D:9      | Offered knowledge of Kiss of Death by Vehumet.
  9033 | D:9      | Reached skill level 11 in Conjurations
  9033 | D:9      | Reached XP level 10. HP: 44/50 MP: 7/19
  9651 | D:9      | Found an ornate altar of the Wu Jian Council.
 10003 | D:10     | Entered Level 10 of the Dungeon
 10093 | D:10     | Noticed a gargoyle
 10107 | D:10     | Killed a gargoyle
 10108 | D:10     | Reached skill level 5 in Translocations
 10169 | D:10     | Noticed a two-headed ogre
 10176 | D:10     | Shot with an arrow by a centaur

Illustrated notes

Levels and vault maps discovered:
D:1:      zaba_arrival_water, layout_basic,
          shapermc_ecumenical_altar_starsandcircs, chequers_decorated_corner,
          minmay_tetromino_s4
D:2:      layout_loops_corners, serial_shops, nicolae_shop_trees, basic_altar
D:3:      layout_loops_ring, amcnicky_altar_gilded
D:4:      layout_basic, nicolae_ru_sacrificial_ziggurat, dk_noncrumbling_4
D:5:      layout_basic, nemelex_spade_bored_becter,
          nicolae_shop_i_like_big_books
D:6:      layout_basic, temple_green, serial_shops, shop
D:7:      layout_basic
D:8:      layout_rooms, kennysheep_mini_moat, nicolae_diode_stairs
D:9:      layout_gridville, mainiacjoe_overflow_24_doors, uniq_erica
D:10:     minmay_clustersquares, layout_basic, orc_0_dummy, minivault_10,
          uniq_maurice
Temple:   sentei_temple_godly_chess

Skill      XL: |  1  2  3  4  5  6  7  8  9 10 |
---------------+-------------------------------+-----
Conjurations   | 5 6 7 8 9 11 | 11.8
Spellcasting   | 3 4 5 6 |  6.7
Hexes          | 1 2 3 4 5 |  5.8
Translocations | 1 2 4 5 |  5.0
Dodging        | |  1.5
Stealth        | |  2.1

Action                     |  1- 3 |  4- 6 |  7- 9 | 10-12 || total
---------------------------+-------+-------+-------+-------++-------
  Melee: Dagger            |       |    17 |       |     1 ||    18
  Throw: Boomerang         |       |       |     1 |       ||     1
   Cast: Magic Dart        |    48 |    11 |       |       ||    59
         Searing Ray       |     5 |    29 |    69 |    18 ||   121
         Iskenderun's Myst |       |       |     2 |     7 ||     9
  Evoke: Wand              |       |       |       |     5 ||     5
    Use: Scroll            |       |     2 |    18 |     2 ||    22
 Armour: Robe              |     7 |    13 |    47 |    12 ||    79
  Dodge: Dodged            |     7 |    23 |    55 |    25 ||   110

Action                     |  1- 3 |  4- 6 |  7- 9 | 10-12 || total
---------------------------+-------+-------+-------+-------++-------
  Melee: Dagger            |       |    17 |       |     1 ||    18
  Throw: Boomerang         |       |       |     1 |       ||     1
   Cast: Magic Dart        |    48 |    11 |       |       ||    59
         Searing Ray       |     5 |    29 |    69 |    18 ||   121
         Iskenderun's Myst |       |       |     2 |     7 ||     9
  Evoke: Wand              |       |       |       |     5 ||     5
    Use: Scroll            |       |     2 |    18 |     2 ||    22
 Armour: Robe              |     7 |    13 |    47 |    12 ||    79
  Dodge: Dodged            |     7 |    23 |    55 |    25 ||   110
